 Dungeon Crawl Stone Soup version 0.30-a0-1075-gcd70e7a56d (webtiles) character file.

Game seed: 13393408300118537188

1537 retardedninja the Trooper (level 8, -8/76 HPs)
             Began as a Naga Fighter on Apr 14, 2023.
             Mangled by a wyvern (10 damage)
             ... on level 5 of the Dungeon.
             The game lasted 00:06:00 (5368 turns).

retardedninja the Trooper (Naga Fighter)            Turns: 5368, Time: 00:06:01

Health: -8/76      AC:  9    Str: 20    XL:     8   Next: 86%
Magic:  0/8        EV:  7    Int:  8    God:
Gold:   221        SH:  5    Dex: 12    Spells: 7/7 levels left

rFire   . . .      SeeInvis +    a - +0 war axe
rCold   . . .      Faith    .    c - +0 buckler
rNeg    + . .      Spirit   +    b - +0 scale mail
rPois   +          Reflect  .    l - +0 helmet
rElec   .          Rampage  .    o - +0 cloak
rCorr   .                        (no gloves)
Will    +....                    (no barding) Stlth
                                 j - amulet of guardian spirit
HPRegen 0.32/turn                m - ring of positive energy
MPRegen 0.11/turn                (no ring)

@: very slow
A: AC +2, large, see invisible, deformed body, poison resistance, slowness 2,
spit poison 1, naga tail 1
a: Spit Poison


You were on level 5 of the Dungeon.
You visited 1 branch of the dungeon, and saw 5 of its levels.

You collected 221 gold pieces.

Inventory:

Hand Weapons
 a - a +0 war axe (weapon)
Armour
 b - a +0 scale mail (worn)
 c - a +0 buckler (worn)
 l - a +0 helmet (worn)
 o - a +0 cloak (worn)
Jewellery
 f - a ring of fire
 j - an amulet of guardian spirit (around neck)
 m - a ring of positive energy (left hand)
 p - an amulet of faith
Wands
 d - a wand of quicksilver (1)
Scrolls
 e - a scroll of silence {unknown}
 g - a scroll of vulnerability {unknown}
 h - 3 scrolls of enchant weapon {unknown}
 i - 5 scrolls of identify {unknown}
 n - 4 scrolls of teleportation {unknown}
 r - a scroll of butterflies {unknown}
 s - a scroll of fear {unknown}
Potions
 q - a potion of mutation {unknown}


   Skills:
 + Level 6.1 Fighting
 + Level 5.6 Axes
 + Level 5.1 Armour
 + Level 5.6 Shields


You had 7 spell levels left.
You didn't know any spells.
Your spell library contained the following spells:

 Spells                   Type           Power      Damage    Failure   Level
 Magic Dart               Conj           0%         1d3       80%         1
 Call Imp                 Summ           0%         N/A       91%         2
 Ensorcelled Hibernation  Hex/Ice        0%         N/A       91%         2
 Mephitic Cloud           Conj/Pois/Air  0%         N/A       99%         3
 Spider Form              Tmut/Pois      0%         N/A       99%         3
 Anguish                  Hex/Necr       0%         N/A       100%        4


Dungeon Overview and Level Annotations

Branches:
Dungeon (5/15)
 Temple: D:4-7

Altars:
Ashenzari
Fedhas
Nemelex Xobeh
Qazlal
Ru
Wu Jian
Yredelemnul

Annotations:
D:2 1 runed translucent door, Crazy Yiuf


Innate Abilities, Weirdness & Mutations

Your serpentine skin is tough. (AC +2)
You have supernaturally acute eyesight. (SInv)
Armour fits poorly on your strangely shaped body.
Your system is resistant to poisons. (rPois)
You cover ground very slowly.
You can spit poison.
You have a snake-like lower body.


Message History

The wyvern barely misses you. The wyvern bites you.
You closely miss the wyvern.
The wyvern is severely wounded.
The wyvern bites you. The wyvern barely misses you.
You hit the wyvern but do no damage.
The wyvern is severely wounded.
The wyvern misses you. The wyvern barely misses you.
You hit the wyvern.
The wyvern is severely wounded.
The wyvern bites you but does no damage.
The wyvern bites you!
You hit the wyvern.
The wyvern is almost dead.
The wyvern bites you but does no damage.
The wyvern barely misses you.
You barely miss the wyvern.
The wyvern is almost dead.
The wyvern bites you.
You hit the wyvern but do no damage.
The wyvern is almost dead.
The wyvern bites you! You block the wyvern's attack.
You hit the wyvern.
The wyvern is almost dead.
You block the wyvern's attack. The wyvern bites you!
* * * LOW HITPOINT WARNING * * *
You barely miss the wyvern.
The wyvern is almost dead.
The wyvern bites you.
* * * LOW HITPOINT WARNING * * *
The wyvern bites you!
* * * LOW HITPOINT WARNING * * *
Okay, then.
Aiming: Quicksilver Bolt
Press: ? - help, Q - select action, (/) - cycle Shift-Dir - straight line, f - wyvern
Aim: a wyvern (almost dead, 71% to hit)
The bolt of dispelling energy misses the wyvern.
The wyvern bites you!
* * * LOW HITPOINT WARNING * * *
The wyvern bites you!
You die...

#.......## ##.# #.#
#........###.####.#
#.........()......#
#.......##.##.#####
#.......##.##..##
#######.##......# #
#.#####..##
....#####..#
#...l@...#
#.######.# #.# ..#
###


You could see a wyvern.

Vanquished Creatures
  Grinder (D:4)
  Sigmund (D:4)
  Edmund (D:5)
  2 ice beasts (D:5)
  An ogre (D:5)
  2 phantoms (D:5)
  4 scorpions
  A hound (D:4)
  An orc priest (D:3)
  2 iguanas
  Ijyb (D:4)
  3 orc wizards
  Natasha (thrice) (D:4)
  6 adders
  2 worms (D:3)
  3 dart slugs
  10 orcs
  5 endoplasms
  3 giant cockroaches
  6 goblins
  3 hobgoblins
  2 jackals (D:4)
  2 quokkas
  9 ball pythons
  6 bats
  2 frilled lizards (D:3)
  3 kobolds
  A rat (D:1)
86 creatures vanquished.

Vanquished Creatures (others)
  A jackal (D:4)
  A kobold (D:4)
2 creatures vanquished.

Grand Total: 88 creatures vanquished

Notes
Turn   | Place    | Note
-------+----------+-------------------------------------------
     0 | D:1      | retardedninja the Naga Fighter began the quest for the Orb.
     0 | D:1      | Reached XP level 1. HP: 21/21 MP: 1/1
   151 | D:1      | Reached XP level 2. HP: 28/28 MP: 2/2
   648 | D:2      | Reached XP level 3. HP: 5/34 MP: 3/3
   937 | D:2      | Found a runed translucent door.
   938 | D:2      | Noticed Crazy Yiuf
  1023 | D:2      | Found a faded altar of an unknown god.
  1796 | D:3      | Reached XP level 4. HP: 29/42 MP: 4/4
  1962 | D:3      | Reached XP level 5. HP: 6/50 MP: 0/5
  2298 | D:3      | Found a sparkling altar of Nemelex Xobeh.
  2746 | D:4      | Found a basalt altar of Yredelemnul.
  2749 | D:4      | Found a blossoming altar of Fedhas.
  2752 | D:4      | Found a sacrificial altar of Ru.
  2755 | D:4      | Found a stormy altar of Qazlal.
  2861 | D:4      | Reached skill level 4 in Fighting
  2912 | D:4      | Noticed Ijyb
  2920 | D:4      | Killed Ijyb
  3020 | D:4      | Noticed Natasha
  3029 | D:4      | Killed Natasha
  3030 | D:4      | Reached XP level 6. HP: 17/57 MP: 2/6
  3174 | D:4      | Noticed Sigmund
  3184 | D:4      | Noticed Natasha
  3211 | D:4      | Killed Sigmund
  3212 | D:4      | Reached XP level 7. HP: 14/66 MP: 3/7
  3212 | D:4      | Killed Natasha
  3231 | D:4      | Noticed Natasha
  3237 | D:4      | Killed Natasha
  3442 | D:4      | Noticed Grinder
  3442 | D:4      | Paralysed by Grinder for 4 turns
  3454 | D:4      | Paralysed by Grinder for 4 turns
  3470 | D:4      | Paralysed by Grinder for 2 turns
  3480 | D:4      | Paralysed by Grinder for 4 turns
  3486 | D:4      | Paralysed by Grinder for 5 turns
  3499 | D:4      | Killed Grinder
  3500 | D:4      | Reached skill level 5 in Fighting
  3697 | D:4      | Found an ornate altar of the Wu Jian Council.
  3922 | D:5      | Entered Level 5 of the Dungeon
  3922 | D:5      | Noticed Edmund
  3937 | D:5      | Killed Edmund
  3938 | D:5      | Reached XP level 8. HP: 36/74 MP: 5/8
  4308 | D:5      | Reached skill level 5 in Shields
  4420 | D:5      | Reached skill level 5 in Axes
  4782 | D:5      | Found a broken altar of Ashenzari.
  4940 | D:5      | Reached skill level 6 in Fighting
  4940 | D:5      | Reached skill level 5 in Armour
  5347 | D:5      | Noticed a wyvern
  5368 | D:5      | HP: 2/76 [wyvern (7)]
  5368 | D:5      | Mangled by a wyvern

Illustrated notes

Levels and vault maps discovered:
D:1:      minmay_arrival_four_loops, layout_basic, minmay_tetromino_o2
D:2:      layout_loops_corners, hellmonk_ecumenical_altar_pennies_from_heaven,
          kennysheep_minor_cross, uniq_crazy_yiuf_cottage
D:3:      layout_rooms, nemelex_spade_bored_becter, kennysheep_crisscross
D:4:      layout_basic, grunt_temple_overflow_cloverleaf, lemuel_round_altar,
          st_stairs_1, hangedman_decor_lopped, uniq_grinder, uniq_sigmund,
          uniq_ijyb, uniq_natasha
D:5:      layout_loops_cross, tso_altar, nicolae_ashenzari_skybound, uniq_edmund

Skill      XL: |  1  2  3  4  5  6  7  8 |
---------------+-------------------------+-----
Shields        | 3 4 5 |  5.6
Armour         | 3 4 5 |  5.1
Axes           | 3 4 5 |  5.6
Fighting       | 4 5 6 |  6.1

Action                     |  1- 3 |  4- 6 |  7- 9 || total
---------------------------+-------+-------+-------++-------
  Melee: War axe           |    76 |   102 |   134 ||   312
Ability: Spit Poison       |       |       |     1 ||     1
  Evoke: Wand              |       |     3 |     7 ||    10
    Use: Potion            |       |     6 |     3 ||     9
 Armour: Scale mail        |    46 |    65 |    51 ||   162
  Dodge: Dodged            |    34 |    53 |    41 ||   128
  Block: Buckler           |    25 |    22 |    28 ||    75

Table legend: (Time is in decaauts)
 A = Elapsed time spent in this place.
 B = Non-inter-level travel time spent in this place.
 C = Inter-level travel time spent in this place.
 D = Time resting spent in this place.
 E = Time spent auto-exploring this place.
 F = Levels seen in this place.
 G = Mean time per level.
                   A        B        C        D        E       F      G
               +--------+--------+--------+--------+--------+-----+--------+
         Total |   6543 |   6397 |    146 |   1245 |   4318 |   5 | 1308.6 |
       Dungeon |   6543 |   6397 |    146 |   1245 |   4318 |   5 | 1308.6 |
               +--------+--------+--------+--------+--------+-----+--------+

Top non-repeatable levels by time:
     D:4: 1947 daAuts
     D:2: 1532 daAuts
     D:5: 1291 daAuts
     D:3: 922 daAuts
     D:1: 849 daAuts
